[Event "Gibraltar Amateurs A 2020"]
[Site "Caleta"]
[Date "2020.01.21"]
[Round "1.1"]
[White "Poggio, Freddie"]
[Black "Sedgwick, David"]
[Result "1-0"]
[ECO "D02"]
[WhiteElo "1680"]
[BlackElo "1894"]
[Annotator "NA"]
[PlyCount "67"]
[EventDate "2020.01.20"]
[EventType "swiss"]
[EventCountry "GGB"]
[SourceTitle "playchess.com"]
[Source "ChessBase"]
[SourceQuality "1"]
[TimeControl "6600+10"]

1. d4 d5 2. Nf3 c5 3. c3 Nf6 4. Nbd2 cxd4 5. cxd4 Nc6 6. e3 Bf5 7. a3 e6 8. b4 Bd6 9. Be2 O-O 10. Nh4 Ne4 11. Nxf5 exf5 12. Nf3 Nc3 13. Qc2 Nxe2 14. Qxe2 Re8 15. Qd3 Qf6 16. O-O a6 17. Bd2 Re4 18. b5 Ne7 19. bxa6 bxa6 20. Bb4 Bxb4 21. axb4 Re6 22. b5 g5 23. Ne5 Ng6 24. Nd7 Qd8 25. Nc5 Rf6 26. bxa6 Nh4 27. Rfb1 Rh6 28. Rb7 Qd6 29. Rd7 Nf3+ 30. gxf3 Qxh2+ 31. Kf1 Qh1+ 32. Ke2 Qxa1 33. Nb3 Rh1 34. Nxa1 1-0

[Event "Gibraltar Amateurs A 2020"]
[Site "Caleta"]
[Date "2020.01.21"]
[Round "1.2"]
[White "Nash, Damian"]
[Black "Guardia Bencomo, Tomas"]
[Result "1-0"]
[ECO "B06"]
[WhiteElo "1890"]
[BlackElo "1660"]
[Annotator "NA"]
[PlyCount "49"]
[EventDate "2020.01.20"]
[EventType "swiss"]
[EventCountry "GGB"]
[SourceTitle "playchess.com"]
[Source "ChessBase"]
[SourceQuality "1"]
[TimeControl "6600+10"]

1. e4 g6 2. d4 Bg7 3. c3 d6 4. Be3 Nf6 5. Bd3 e5 6. Ne2 Ng4 7. Qd2 Nxe3 8. Qxe3 Nc6 9. d5 Ne7 10. c4 O-O 11. Nbc3 f5 12. f3 c6 13. O-O f4 14. Qf2 g5 15. g4 fxg3 16. Qxg3 Ng6 17. Rad1 h5 18. c5 h4 19. Qg2 Bh6 20. dxc6 bxc6 21. Bc4+ d5 22. exd5 Kg7 23. dxc6 Qc7 24. Ne4 Qxc6 25. Bd5 1-0

[Event "Gibraltar Amateurs A 2020"]
[Site "Caleta"]
[Date "2020.01.21"]
[Round "1.3"]
[White "Krause, Helmut"]
[Black "Dumont, Andre"]
[Result "0-1"]
[ECO "E14"]
[WhiteElo "1660"]
[BlackElo "1872"]
[Annotator "NA"]
[PlyCount "62"]
[EventDate "2020.01.20"]
[EventType "swiss"]
[EventCountry "GGB"]
[SourceTitle "playchess.com"]
[Source "ChessBase"]
[SourceQuality "1"]
[TimeControl "6600+10"]

1. d4 Nf6 2. Nf3 e6 3. e3 b6 4. Bd3 Bb7 5. O-O Be7 6. Nbd2 d5 7. b3 O-O 8. Bb2 c5 9. Qe2 Ne4 10. c4 Nd7 11. Rac1 f5 12. Ne5 Nxe5 13. dxe5 Nxd2 14. Qxd2 dxc4 15. bxc4 Qd7 16. Rcd1 Rad8 17. Qe2 Qa4 18. a3 Rd7 19. Bc2 Qc6 20. f3 Rfd8 21. Rxd7 Rxd7 22. Rd1 Bg5 23. f4 Be7 24. Rxd7 Qxd7 25. Bc3 Bc6 26. Qd2 Qb7 27. a4 Qa6 28. a5 Qxc4 29. axb6 axb6 30. Bd3 Qd5 31. Bc4 Qxc4 0-1

[Event "Gibraltar Amateurs A 2020"]
[Site "Caleta"]
[Date "2020.01.21"]
[Round "1.4"]
[White "Teh, Wee Zhun"]
[Black "Salas Calvo, Alberto"]
[Result "1-0"]
[ECO "A21"]
[WhiteElo "1857"]
[BlackElo "1645"]
[Annotator "NA"]
[PlyCount "93"]
[EventDate "2020.01.20"]
[EventType "swiss"]
[EventCountry "GGB"]
[SourceTitle "playchess.com"]
[Source "ChessBase"]
[SourceQuality "1"]
[TimeControl "6600+10"]

1. d4 d6 2. c4 e5 3. Nc3 exd4 4. Qxd4 Nc6 5. Qd2 Nf6 6. e4 Be6 7. b3 Be7 8. Bd3 O-O 9. Nge2 a5 10. Bb2 Nb4 11. Rd1 Nxd3+ 12. Qxd3 Re8 13. O-O Nd7 14. Qc2 Nc5 15. Nd5 Bf8 16. Ng3 c6 17. Ne3 Qc7 18. f3 Rad8 19. Kh1 Qe7 20. Qc3 Nd7 21. Nef5 Qg5 22. Nxd6 Bxd6 23. Rxd6 Nf6 24. Rxd8 Rxd8 25. f4 Qh6 26. Qxa5 Rf8 27. Nf5 Bxf5 28. Qxf5 Rd8 29. h3 Ne8 30. Be5 Qh4 31. Qg4 Qe7 32. Qf3 Rd2 33. a4 Qd7 34. Qg3 Rd3 35. Rf3 Rd1+ 36. Kh2 Qd2 37. f5 Qc1 38. Qf4 Rh1+ 39. Kg3 Qe1+ 40. Rf2 Rf1 41. Bd4 h5 42. Qe3 Qxe3+ 43. Bxe3 Rb1 44. Rd2 Rxb3 45. Kf4 Nf6 46. e5 g5+ 47. fxg6 1-0

[Event "Gibraltar Amateurs A 2020"]
[Site "Caleta"]
[Date "2020.01.21"]
[Round "1.5"]
[White "Clare, Steve"]
[Black "Bryant, Richard B E"]
[Result "1-0"]
[ECO "B00"]
[WhiteElo "1632"]
[BlackElo "1849"]
[Annotator "NA"]
[PlyCount "113"]
[EventDate "2020.01.20"]
[EventType "swiss"]
[EventCountry "GGB"]
[SourceTitle "playchess.com"]
[Source "ChessBase"]
[SourceQuality "1"]
[TimeControl "6600+10"]

1. e4 e6 2. d4 b6 3. Nc3 Bb7 4. f3 c5 5. Be3 cxd4 6. Bxd4 Nc6 7. Be3 d6 8. a3 Be7 9. Bc4 Nf6 10. Nge2 O-O 11. Qd2 Qd7 12. O-O Rac8 13. Ba2 Na5 14. Rad1 Rfd8 15. Qd3 Ne8 16. Bf4 Nc7 17. e5 Ba6 18. Qd2 d5 19. b4 Nc4 20. Qc1 Qe8 21. Nd4 Bb7 22. Bb3 b5 23. Nce2 Na8 24. c3 a5 25. Bxc4 Rxc4 26. Bg5 Nc7 27. Bxe7 Qxe7 28. f4 f5 29. exf6 Qxf6 30. Qe3 a4 31. Rd3 Bc8 32. g4 Re8 33. g5 Qg6 34. Nf3 Re4 35. Qd2 e5 36. Nxe5 Qb6+ 37. Kh1 Bb7 38. h4 d4 39. Kh2 dxc3 40. Nxc3 R4xe5 41. fxe5 Qe6 42. Re1 Qf5 43. Rd8 Bc8 44. Rxe8+ Nxe8 45. Qe3 Bb7 46. Nxb5 Qc2+ 47. Re2 Qc4 48. Nd6 Qxh4+ 49. Qh3 Qxh3+ 50. Kxh3 Nxd6 51. exd6 Bc8+ 52. Kg3 Kf8 53. Re7 Bf5 54. Kf4 Bc2 55. Ke5 Bb3 56. Kd4 h6 57. Rxg7 1-0

[Event "Gibraltar Amateurs A 2020"]
[Site "Caleta"]
[Date "2020.01.21"]
[Round "1.6"]
[White "Nebel, Uwe"]
[Black "Kearsley, Raymond J"]
[Result "1-0"]
[ECO "B01"]
[WhiteElo "1847"]
[BlackElo "1611"]
[Annotator "NA"]
[PlyCount "108"]
[EventDate "2020.01.20"]
[EventType "swiss"]
[EventCountry "GGB"]
[SourceTitle "playchess.com"]
[Source "ChessBase"]
[SourceQuality "1"]
[TimeControl "6600+10"]

1. e4 d5 2. exd5 Nf6 3. d4 Bg4 4. Nf3 Qxd5 5. Nc3 Qf5 6. Be2 Nc6 7. d5 O-O-O 8. Nd4 Nxd4 9. Qxd4 Bxe2 10. Nxe2 Qxd5 11. Qxd5 Nxd5 12. Bd2 e5 13. O-O-O Bc5 14. Nc3 Nxc3 15. Bxc3 Bd4 16. Bxd4 Rxd4 17. Rxd4 exd4 18. Re1 Kd7 19. Kd2 Kd6 20. Kd3 c5 21. b4 Rc8 22. Re4 cxb4 23. Rxd4+ Ke6 24. Re4+ Kd6 25. Rxb4 b6 26. Rd4+ Ke6 27. c3 Rc5 28. Ra4 Rc7 29. Re4+ Kf6 30. f3 Rd7+ 31. Kc2 Rd5 32. Ra4 Rd7 33. Re4 Rd5 34. c4 Rd7 35. Kc3 Rd1 36. Re2 Rd7 37. Kb4 Rd3 38. Kb5 Ra3 39. Kb4 Rd3 40. a4 a6 41. a5 bxa5+ 42. Kxa5 Rd6 43. c5 Rc6 44. Kb4 Rc7 45. Kc4 Rb7 46. c6 Rb1 47. Kc5 Rc1+ 48. Kb6 Rb1+ 49. Kxa6 Rc1 50. Kb6 Rb1+ 51. Kc7 Rc1 52. Re4 Rc2 53. Kb6 Rb2+ 54. Kc5 Rb8 1-0

[Event "Gibraltar Amateurs A 2020"]
[Site "Caleta"]
[Date "2020.01.21"]
[Round "1.7"]
[White "Krause, Marianne"]
[Black "Jacob, Sydney J"]
[Result "1-0"]
[ECO "B06"]
[WhiteElo "1609"]
[BlackElo "1816"]
[Annotator "NA"]
[PlyCount "127"]
[EventDate "2020.01.20"]
[EventType "swiss"]
[EventCountry "GGB"]
[SourceTitle "playchess.com"]
[Source "ChessBase"]
[SourceQuality "1"]
[TimeControl "6600+10"]

1. d4 d6 2. Nf3 g6 3. Nc3 Bg7 4. e4 Nf6 5. Be3 Nc6 6. Be2 Ng4 7. Bg5 h6 8. Bh4 g5 9. Bg3 e5 10. dxe5 Ngxe5 11. Nxe5 Nxe5 12. Qd2 Be6 13. O-O-O a6 14. h4 g4 15. Kb1 h5 16. Nd5 Ng6 17. f4 gxf3 18. gxf3 Bxd5 19. Qxd5 Qf6 20. c3 O-O-O 21. Qd4 Qxd4 22. cxd4 Bh6 23. Bf2 c6 24. Bf1 Nf4 25. Be1 Rhg8 26. Bf2 Ng2 27. Rg1 Nf4 28. Be3 Rxg1 29. Bxg1 Rg8 30. Bc4 Rg7 31. Bh2 b5 32. Bb3 Kc7 33. Rg1 Rxg1+ 34. Bxg1 Ne6 35. Kc2 Bf4 36. Bxe6 fxe6 37. Bf2 e5 38. Kd3 exd4 39. Bxd4 Bg3 40. Bf6 c5 41. b3 a5 42. Bg5 Kc6 43. f4 d5 44. e5 c4+ 45. bxc4 dxc4+ 46. Ke4 b4 47. f5 b3 48. axb3 cxb3 49. Bc1 Bxh4 50. f6 Kd7 51. Kf5 Ke8 52. Kg6 Be1 53. e6 Bb4 54. Kxh5 a4 55. Kg6 a3 56. f7+ Kd8 57. Bg5+ Kc7 58. e7 Bxe7 59. Bxe7 b2 60. f8=Q b1=Q+ 61. Kh5 Qh1+ 62. Kg4 Qg2+ 63. Kf5 Qf3+ 64. Kg6 1-0

[Event "Gibraltar Amateurs A 2020"]
[Site "Caleta"]
[Date "2020.01.21"]
[Round "1.8"]
[White "Olaizola, Miguel"]
[Black "Savage, Neil"]
[Result "1-0"]
[ECO "A27"]
[WhiteElo "1809"]
[BlackElo "1608"]
[Annotator "NA"]
[PlyCount "63"]
[EventDate "2020.01.20"]
[EventType "swiss"]
[EventCountry "GGB"]
[SourceTitle "playchess.com"]
[Source "ChessBase"]
[SourceQuality "1"]
[TimeControl "6600+10"]

1. c4 e5 2. Nc3 Nc6 3. Nf3 Bb4 4. Nd5 Bc5 5. b4 Nxb4 6. Nxb4 e4 7. Nd3 exd3 8. exd3 Nf6 9. d4 Be7 10. Be2 O-O 11. O-O d6 12. Bb2 c6 13. a4 Bf5 14. Nh4 Be6 15. Nf3 Bf5 16. a5 b6 17. axb6 Qxb6 18. Ba3 Nd7 19. d3 Rfb8 20. Qa4 Qc7 21. Rab1 a5 22. Rxb8+ Rxb8 23. Nd2 Qa7 24. Qxc6 Qxd4 25. Ne4 Rb6 26. Qa8+ Rb8 27. Qxa5 Bxe4 28. dxe4 Qxe4 29. Bf3 Qxc4 30. Rc1 Ne5 31. Rxc4 Rb1+ 32. Rc1 1-0

[Event "Gibraltar Amateurs A 2020"]
[Site "Caleta"]
[Date "2020.01.21"]
[Round "1.9"]
[White "White, Gary"]
[Black "Kovacevic, Aleksandar S"]
[Result "1-0"]
[ECO "A03"]
[WhiteElo "1608"]
[BlackElo "1804"]
[Annotator "NA"]
[PlyCount "129"]
[EventDate "2020.01.20"]
[EventType "swiss"]
[EventCountry "GGB"]
[SourceTitle "playchess.com"]
[Source "ChessBase"]
[SourceQuality "1"]
[TimeControl "6600+10"]

1. f4 d5 2. Nf3 Nf6 3. d3 Bg4 4. e3 Nc6 5. Be2 e6 6. O-O Be7 7. Qe1 Bxf3 8. Bxf3 Qd6 9. e4 dxe4 10. dxe4 Qc5+ 11. Rf2 Qb6 12. Kh1 Bc5 13. Rf1 Nd4 14. Rf2 Nb3 15. axb3 Bxf2 16. Qe2 Rd8 17. Na3 Qd4 18. Nb5 Qd7 19. e5 Nd5 20. Qxf2 Qxb5 21. c4 Qxb3 22. cxd5 exd5 23. Qc5 b6 24. Qxc7 O-O 25. Qxa7 d4 26. Qa4 Qxa4 27. Rxa4 Rc8 28. Ra1 Rfd8 29. Be4 d3 30. Bd2 g6 31. Bc3 b5 32. Rd1 d2 33. Kg1 Rc4 34. Bf3 b4 35. Rxd2 Rdc8 36. Bd4 Rd8 37. Be3 Rdc8 38. Kf2 Rc2 39. Ke2 h5 40. Be4 R2c4 41. Bd5 Rc2 42. e6 Rxd2+ 43. Kxd2 Kf8 44. Bb3 fxe6 45. Bxe6 Rc6 46. f5 gxf5 47. Bxf5 Kf7 48. Be4 Rc8 49. Bf3 Kg6 50. Be4+ Kf7 51. Bd4 Rd8 52. Ke3 Rc8 53. Kf4 Ke7 54. Kg5 Rc4 55. Bf6+ Ke6 56. Bf5+ Kf7 57. Bg6+ Ke6 58. Bxh5 Rc5+ 59. Kg6 Rc4 60. g4 Rc8 61. g5 Rc2 62. Bg4+ Kd6 63. h4 Rg2 64. Bf5 Rf2 65. h5 1-0

[Event "Gibraltar Amateurs A 2020"]
[Site "Caleta"]
[Date "2020.01.21"]
[Round "1.10"]
[White "Johansson, Daniel"]
[Black "Koreywo, Witold"]
[Result "1-0"]
[ECO "A13"]
[WhiteElo "1859"]
[BlackElo "1601"]
[Annotator "NA"]
[PlyCount "71"]
[EventDate "2020.01.20"]
[EventType "swiss"]
[EventCountry "GGB"]
[SourceTitle "playchess.com"]
[Source "ChessBase"]
[SourceQuality "1"]
[TimeControl "6600+10"]

1. Nf3 d5 2. c4 e6 3. b3 c5 4. e3 Nc6 5. Be2 Nf6 6. O-O Be7 7. Bb2 O-O 8. d4 cxd4 9. Nxd4 a6 10. Nxc6 bxc6 11. Nc3 Bb7 12. Qc2 Rc8 13. Rfd1 Qc7 14. Rac1 c5 15. cxd5 exd5 16. Na4 Qc6 17. Bf3 Rfd8 18. h3 Rd7 19. Bxf6 Qxf6 20. Bg4 Rdd8 21. Bxc8 Rxc8 22. Qe2 Qc6 23. Qf3 Qb5 24. Nc3 Qa5 25. Nxd5 Bxd5 26. Qxd5 Rd8 27. Qc6 Bh4 28. Rxd8+ Qxd8 29. Qxc5 Bxf2+ 30. Kxf2 Qf6+ 31. Ke2 h6 32. Qd4 Qg5 33. Qe4 f5 34. Qf3 f4 35. Rc8+ Kh7 36. Qe4+ 1-0

[Event "Gibraltar Amateurs A 2020"]
[Site "Caleta"]
[Date "2020.01.21"]
[Round "1.11"]
[White "Hudson, Jeremy"]
[Black "Marani, Luca"]
[Result "0-1"]
[ECO "C54"]
[WhiteElo "1570"]
[BlackElo "1796"]
[Annotator "NA"]
[PlyCount "68"]
[EventDate "2020.01.20"]
[EventType "swiss"]
[EventCountry "GGB"]
[SourceTitle "playchess.com"]
[Source "ChessBase"]
[SourceQuality "1"]
[TimeControl "6600+10"]

1. e4 e5 2. Nf3 Nc6 3. Bc4 Bc5 4. c3 Nf6 5. d3 a6 6. a4 d6 7. O-O Ba7 8. h3 Bd7 9. Re1 b5 10. Bb3 Ne7 11. Nbd2 O-O 12. Nf1 Ng6 13. Be3 Qc8 14. Bxa7 Rxa7 15. Kh2 Nh5 16. Nxe5 Nxe5 17. d4 Nf4 18. dxe5 Bxh3 19. e6 bxa4 20. Rxa4 Bxe6 21. Bxe6 fxe6 22. e5 d5 23. Qf3 Ng6 24. Qg3 c5 25. Rg4 Raf7 26. f3 Rf4 27. Rxf4 Rxf4 28. Kg1 Qb8 29. Qf2 Nxe5 30. Qe3 Ng6 31. Qxe6+ Kh8 32. Re2 Rf6 33. Qe8+ Rf8 34. Qe6 Nf4 0-1

[Event "Gibraltar Amateurs A 2020"]
[Site "Caleta"]
[Date "2020.01.21"]
[Round "1.13"]
[White "Dhanwani, Aditya"]
[Black "Dennis, Nigel W"]
[Result "0-1"]
[ECO "A48"]
[WhiteElo "1565"]
[BlackElo "1784"]
[Annotator "NA"]
[PlyCount "100"]
[EventDate "2020.01.20"]
[EventType "swiss"]
[EventCountry "GGB"]
[SourceTitle "playchess.com"]
[Source "ChessBase"]
[SourceQuality "1"]
[TimeControl "6600+10"]

1. d4 Nf6 2. Nf3 g6 3. Bf4 Bg7 4. e3 d6 5. h3 O-O 6. Nbd2 Nbd7 7. c3 c5 8. Be2 b6 9. O-O Bb7 10. Re1 Ne4 11. Nxe4 Bxe4 12. Bd3 Bxd3 13. Qxd3 a6 14. a4 Qc7 15. Bh2 Qb7 16. Ra2 Nf6 17. Nd2 Rfe8 18. a5 b5 19. b4 cxb4 20. cxb4 Rac8 21. Rc2 Nd5 22. Rb1 Rxc2 23. Qxc2 Rc8 24. Qd3 Rc3 25. Qf1 Qc6 26. e4 Nxb4 27. d5 Qc7 28. Nb3 Nd3 29. Nd2 Qxa5 30. Nf3 Qa3 31. Ra1 Qxa1 32. Qxa1 Rc1+ 33. Qxc1 Nxc1 34. Kf1 a5 35. Bf4 Nd3 36. Bd2 a4 37. Ke2 Nb2 38. Bb4 Nc4 39. Ne1 a3 40. Nc2 a2 41. Kd3 a1=Q 42. Nxa1 Bxa1 43. Bc3 Bxc3 44. Kxc3 Ne5 45. Kb4 Nd3+ 46. Kxb5 Nxf2 47. Kc6 Nxe4 48. Kd7 Nf6+ 49. Kxe7 Nxd5+ 50. Kxd6 Nf4 0-1

[Event "Gibraltar Amateurs A 2020"]
[Site "Caleta"]
[Date "2020.01.21"]
[Round "1.14"]
[White "Dragic, Dragan"]
[Black "Naldrett, Geoffrey"]
[Result "1-0"]
[ECO "E38"]
[WhiteElo "1781"]
[BlackElo "1526"]
[Annotator "NA"]
[PlyCount "81"]
[EventDate "2020.01.20"]
[EventType "swiss"]
[EventCountry "GGB"]
[SourceTitle "playchess.com"]
[Source "ChessBase"]
[SourceQuality "1"]
[TimeControl "6600+10"]

1. d4 Nf6 2. c4 e6 3. Nc3 Bb4 4. Qc2 c5 5. Nf3 O-O 6. e3 d5 7. Bd3 dxc4 8. Bxc4 Nc6 9. a3 Qa5 10. Bd2 cxd4 11. exd4 Be7 12. O-O Qd8 13. Ne2 Bd7 14. Rac1 Rc8 15. Qd3 Na5 16. Ba2 Qb6 17. b4 Bb5 18. Qe3 Nc4 19. Bxc4 Bxc4 20. Rfe1 Nd5 21. Qe4 f5 22. Qb1 Bf6 23. Nf4 Nxf4 24. Bxf4 Bxd4 25. Nxd4 Qxd4 26. Be3 Qf6 27. Bc5 b6 28. Bxf8 Qxf8 29. a4 Bd5 30. b5 Rc5 31. Rxc5 bxc5 32. a5 Qb8 33. Qb2 a6 34. b6 Qb7 35. Qe5 Kf7 36. Qc7+ Kf6 37. Qxb7 Bxb7 38. Rc1 Ke5 39. Rxc5+ Kd6 40. Rc7 g5 41. Rxb7 1-0

[Event "Gibraltar Amateurs A 2020"]
[Site "Caleta"]
[Date "2020.01.21"]
[Round "1.15"]
[White "Busch, Guenther"]
[Black "Anjali R. Sagar"]
[Result "0-1"]
[ECO "A09"]
[WhiteElo "1520"]
[BlackElo "1775"]
[Annotator "NA"]
[PlyCount "44"]
[EventDate "2020.01.20"]
[EventType "swiss"]
[EventCountry "GGB"]
[SourceTitle "playchess.com"]
[Source "ChessBase"]
[SourceQuality "1"]
[TimeControl "6600+10"]

1. Nf3 Nf6 2. c4 d5 3. e3 Bg4 4. Be2 e6 5. cxd5 exd5 6. Qa4+ c6 7. Nc3 Nbd7 8. Qc2 Bd6 9. d4 Qc7 10. h3 Bh5 11. e4 Bg6 12. Bd3 dxe4 13. Nxe4 Nxe4 14. Bxe4 O-O 15. O-O Rae8 16. Bxg6 hxg6 17. Bg5 Bf4 18. Rae1 Bxg5 19. Nxg5 Qf4 20. Nf3 Nf6 21. Qd2 Nd5 22. g3 Qxf3 0-1

[Event "Gibraltar Amateurs A 2020"]
[Site "Caleta"]
[Date "2020.01.21"]
[Round "1.17"]
[White "Davies, Cledwyn"]
[Black "Bussmann, John"]
[Result "0-1"]
[ECO "B27"]
[WhiteElo "1507"]
[BlackElo "1752"]
[Annotator "NA"]
[PlyCount "76"]
[EventDate "2020.01.20"]
[EventType "swiss"]
[EventCountry "GGB"]
[SourceTitle "playchess.com"]
[Source "ChessBase"]
[SourceQuality "1"]
[TimeControl "6600+10"]

1. e4 c5 2. Nf3 g6 3. d4 cxd4 4. Nxd4 Bg7 5. Bc4 Nf6 6. Nc3 Qc7 7. Bb3 a6 8. Be3 Nc6 9. Qd2 O-O 10. O-O-O Ng4 11. Nxc6 dxc6 12. f3 Nxe3 13. Qxe3 Be5 14. Ne2 c5 15. a3 c4 16. Ba2 c3 17. Kb1 cxb2 18. f4 Bg7 19. e5 b5 20. Rd3 Bf5 21. Rc3 Qd7 22. Nd4 Rfd8 23. Nxf5 Qxf5 24. Rd3 Rxd3 25. cxd3 Rd8 26. Rd1 Qh5 27. Qg1 Qe2 28. d4 Rc8 29. Bb3 Rc3 30. Qe1 Qxe1 31. Bxf7+ Kxf7 32. Rxe1 Rxa3 33. Kxb2 Rd3 34. Ra1 Rxd4 35. Rxa6 Rxf4 36. Kb3 Bxe5 37. g3 Rf2 38. Rb6 Rxh2 0-1

[Event "Gibraltar Amateurs A 2020"]
[Site "Caleta"]
[Date "2020.01.21"]
[Round "1.18"]
[White "Sagar Siya"]
[Black "Haddock, Paul"]
[Result "1-0"]
[ECO "B33"]
[WhiteElo "1740"]
[BlackElo "1498"]
[Annotator "NA"]
[PlyCount "80"]
[EventDate "2020.01.20"]
[EventType "swiss"]
[EventCountry "GGB"]
[SourceTitle "playchess.com"]
[Source "ChessBase"]
[SourceQuality "1"]
[TimeControl "6600+10"]

1. e4 c5 2. Nf3 Nc6 3. d4 cxd4 4. Nxd4 Nf6 5. Nc3 d6 6. f3 e5 7. Ndb5 a6 8. Na3 b5 9. Nd5 Be7 10. c3 Be6 11. Be3 Rb8 12. Qd2 O-O 13. Rd1 Bxd5 14. exd5 Na5 15. Be2 Rc8 16. O-O Nd7 17. b4 Nc4 18. Nxc4 bxc4 19. a4 f5 20. f4 e4 21. Qa2 Qc7 22. Rd4 Qb7 23. Rfd1 Bf6 24. Rxc4 Rxc4 25. Qxc4 Rc8 26. Qxa6 Qxa6 27. Bxa6 Rxc3 28. Bd4 Bxd4+ 29. Rxd4 e3 30. Kf1 Nf6 31. Rd3 Rxd3 32. Bxd3 Kf8 33. Bc4 Ne4 34. Ke1 Ke7 35. a5 Kd8 36. Ke2 Kc7 37. Kxe3 g6 38. g4 Kb7 39. gxf5 gxf5 40. Bd3 Nf6 1-0

[Event "Gibraltar Amateurs A 2020"]
[Site "Caleta"]
[Date "2020.01.21"]
[Round "2.1"]
[White "Ashwani Kumar Grover"]
[Black "Nash, Damian"]
[Result "1-0"]
[ECO "C44"]
[WhiteElo "1731"]
[BlackElo "1890"]
[Annotator "NA"]
[PlyCount "93"]
[EventDate "2020.01.20"]
[EventType "swiss"]
[EventCountry "GGB"]
[SourceTitle "playchess.com"]
[Source "ChessBase"]
[SourceQuality "1"]
[TimeControl "6600+10"]

1. e4 Nc6 2. Nf3 e5 3. d4 exd4 4. Bc4 Bb4+ 5. c3 dxc3 6. bxc3 Bd6 7. O-O {[%emt 0:02:07] C44: Ponziani Opening and Scotch Gambit} Nf6 {[%emt 0:08:46] [#]} (7... Qf6 $14 8. Re1 Ne5 9. Nxe5 Bxe5 10. f4 Bxc3 11. e5 Qc6 12. Bxf7+ Kxf7 13. Qb3+ Ke8 14. Nxc3 Ne7 {1-0 (44) Haraldsson,O (1742)-Chan,Y (1988) Bangkog 2018}) 8. e5 $1 Bxe5 9. Nxe5 Nxe5 10. Re1 O-O 11. Rxe5 d6 12. Re1 Ng4 $146 ({Predecessor:} 12... d5 13. Bb3 Qd6 14. h3 h6 {1-0 (26) Melaa,S (1685)-Aarvik Hansen,H (1376) Fornebu 2016}) 13. h3 Ne5 14. Bf1 Be6 15. Nd2 Qf6 16. Qh5 Rae8 17. Ne4 Qg6 18. Qxg6 fxg6 19. Ng3 a6 $18 20. f4 Nf7 21. c4 b6 22. Bd2 a5 23. Rac1 Nd8 24. Bd3 Nb7 25. Rxe6 Rxe6 26. Be4 Nc5 27. Bd5 c6 28. Bxe6+ Nxe6 29. Be3 Nxf4 30. Bxb6 a4 31. Rd1 Rb8 32. Be3 g5 33. Rxd6 Rb2 34. Rd2 Rb1+ 35. Kh2 Re1 36. Bf2 Rc1 37. c5 a3 38. Ne4 Rb1 39. Nxg5 Rb2 40. Be1 Rxd2 41. Bxd2 Nd3 42. Ne4 Kf7 43. Kg3 Ke6 44. Kf3 Kd5 45. Ke3 Nb2 46. Bc3 Nd1+ 47. Kd2 1-0

[Event "Gibraltar Amateurs A 2020"]
[Site "Caleta"]
[Date "2020.01.21"]
[Round "2.2"]
[White "Dumont, Andre"]
[Black "Kuenitz, Klaus"]
[Result "0-1"]
[ECO "A11"]
[WhiteElo "1872"]
[BlackElo "1726"]
[Annotator "NA"]
[PlyCount "56"]
[EventDate "2020.01.20"]
[EventType "swiss"]
[EventCountry "GGB"]
[SourceTitle "playchess.com"]
[Source "ChessBase"]
[SourceQuality "1"]
[TimeControl "6600+10"]

1. Nf3 d5 2. e3 Nf6 3. c4 c6 4. b3 g6 5. Bb2 Bg7 6. Nc3 O-O 7. Qc2 Bf5 8. d3 Na6 9. Nd4 Bd7 10. cxd5 cxd5 11. Ba3 $2 (11. Nf3 $11 {and White has nothing to worry.}) 11... Rc8 12. Qd2 Re8 13. Ndb5 Bxb5 14. Nxb5 $19 Ne4 15. dxe4 Bxa1 16. exd5 Nc7 17. Bb2 Bxb2 18. Nxc7 Qxc7 19. Qxb2 Qc1+ 20. Qxc1 Rxc1+ 21. Ke2 Ra1 22. Kf3 Rc8 23. g4 Rc2 24. Bd3 Rcxa2 25. Rxa1 Rxa1 26. e4 Ra3 27. Bc2 a5 28. Kf4 Ra2 0-1

[Event "Gibraltar Amateurs A 2020"]
[Site "Caleta"]
[Date "2020.01.21"]
[Round "2.3"]
[White "Collins, Andrew"]
[Black "Teh, Wee Zhun"]
[Result "1/2-1/2"]
[ECO "B02"]
[WhiteElo "1720"]
[BlackElo "1857"]
[Annotator "NA"]
[PlyCount "49"]
[EventDate "2020.01.20"]
[EventType "swiss"]
[EventCountry "GGB"]
[SourceTitle "playchess.com"]
[Source "ChessBase"]
[SourceQuality "1"]
[TimeControl "6600+10"]

1. e4 Nf6 2. Nc3 d5 3. exd5 Nxd5 4. Nxd5 Qxd5 5. Nf3 Bg4 6. Be2 Nc6 7. O-O e6 {[%emt 0:01:04] B02: Alekhine's Defence: Chase Variation and lines with early Nc3} 8. c3 (8. d3 Be7 9. Bf4 Bd6 10. Bxd6 Qxd6 11. Nd2 Bxe2 12. Qxe2 Nd4 13. Qd1 c5 14. Nf3 O-O 15. c3 {0-1 (54) Vaculik,J (2139)-Sergeev,V (2403) Kouty nad Desnou 2019}) 8... Be7 9. d4 O-O 10. Ne5 Bxe2 11. Nxc6 $146 ({Predecessor:} 11. Qxe2 $11 {was the only way to keep the balance.} Nxe5 (11... Bf6 12. Bf4 Nxe5 13. Bxe5 Bxe5 14. Qxe5 Qxe5 15. dxe5 Rfd8 {½-½ (59) Sanchez Dengra,B-Gonzalez Santos,I Benidorm 2007}) 12. dxe5) 11... Qxc6 12. Qxe2 b5 13. Bf4 Bf6 14. Be5 Bxe5 15. Qxe5 Rfd8 16. Rfe1 Rd5 17. Qe4 Rad8 18. Re3 Qd6 19. Rh3 h6 20. Re1 $17 c5 21. dxc5 Qxc5 22. Rhe3 Rd2 23. R3e2 Rxe2 24. Qxe2 b4 25. Qd1 1/2-1/2

[Event "Gibraltar Amateurs A 2020"]
[Site "Caleta"]
[Date "2020.01.21"]
[Round "2.4"]
[White "O Muireagain, Colm"]
[Black "Nebel, Uwe"]
[Result "1/2-1/2"]
[ECO "C10"]
[WhiteElo "1376"]
[BlackElo "1847"]
[Annotator "NA"]
[PlyCount "73"]
[EventDate "2020.01.20"]
[EventType "swiss"]
[EventCountry "GGB"]
[SourceTitle "playchess.com"]
[Source "ChessBase"]
[SourceQuality "1"]
[TimeControl "6600+10"]

1. e4 e6 2. d4 d5 3. Nd2 dxe4 4. Nxe4 Bd7 5. Nf3 Bc6 6. Ng3 Nd7 7. c3 Ngf6 8. Bd3 Bxf3 9. Qxf3 c6 10. O-O Be7 11. Re1 O-O 12. a4 {[%emt 0:03:53] C10: French with 3 Nc3: Unusual Black 3rd moves and 3...dxe4} (12. Bc2 Re8 13. h4 Qa5 14. a4 Rad8 15. b4 Qc7 16. a5 Bd6 17. Bb3 Bxg3 18. fxg3 Nd5 19. Ra2 e5 {0-1 (35) Nepomniachtchi,I (2720)-Gelfand,B (2741) Moscow 2010}) 12... Re8 13. a5 a6 14. Bc2 $146 ({Predecessor:} 14. b4 Nf8 15. Bd2 Ng6 16. Rad1 Bf8 17. Bg5 {½-½ (30) Martinez Denegri,G (2142)-Varela,G (2398) Villa Martelli 2014}) 14... Bd6 15. Bf4 Bc7 16. Bxc7 Qxc7 17. Ne4 Rad8 18. Nxf6+ Nxf6 19. Qg3 Qxg3 20. hxg3 Nd5 21. f4 h6 22. Kf2 Rc8 23. Be4 $11 Red8 24. Bxd5 Rxd5 25. b4 Re8 26. Re3 f6 27. Rae1 Kf7 28. g4 f5 29. gxf5 Rxf5 30. Kg3 Rf6 31. Re5 Rd8 32. f5 Rxf5 33. Rxe6 Rd7 34. Re8 Rf6 35. R1e3 Kg6 36. R8e7 Rf7 37. Rxd7 1/2-1/2

[Event "Gibraltar Amateurs A 2020"]
[Site "Caleta"]
[Date "2020.01.21"]
[Round "2.5"]
[White "Zitan, Abdelhay"]
[Black "Olaizola, Miguel"]
[Result "1-0"]
[ECO "C68"]
[WhiteElo "1705"]
[BlackElo "1809"]
[Annotator "NA"]
[PlyCount "72"]
[EventDate "2020.01.20"]
[EventType "swiss"]
[EventCountry "GGB"]
[SourceTitle "playchess.com"]
[Source "ChessBase"]
[SourceQuality "1"]
[TimeControl "6600+10"]

1. e4 e5 2. Nf3 Nc6 3. Bb5 a6 4. Bxc6 dxc6 5. O-O Bg4 6. h3 Bxf3 7. Qxf3 Qf6 8. Qxf6 Nxf6 9. d3 O-O-O 10. Be3 h6 11. f4 exf4 12. Bxf4 Bc5+ 13. Kh1 Nh5 14. Bh2 Rd7 15. Nc3 Re8 16. Rf5 Be3 17. Rxh5 g6 18. Ra5 Bd2 19. Ra3 Re6 20. Rf1 Bg5 21. Ne2 Be7 22. Rb3 Bc5 23. Bg1 Bf8 24. Ng3 c5 25. Ne2 b6 26. Nc3 Bg7 27. Nd5 c4 28. dxc4 Rxe4 29. Nf6 Bxf6 30. Rxf6 Re1 31. Rd3 Rde7 32. Rd2 Rb1 33. Kh2 Rxb2 34. a3 Ra2 35. c5 bxc5 36. Rxa6 Re5 1-0